[Event "E World Cup 2023"]
[Site "Chess.com"]
[Date "2023.08.07"]
[Round "3"]
[White "Abbasov, Nijat"]
[Black "Giri, Anish"]
[Result "1-0"]
[WhiteElo "2646"]
[BlackElo "2769"]
[ECO "D53"]
[EventDate "2023.??.??"]
[Annotator "rafael"]
[PlyCount "83"]
[Beauty "7563168973359"]
[EventType "team-tourn"]
[EventCountry "FID"]
[TimeControl "40/5400+30:1800+30"]

1.d4 Nf6 2.c4 e6 3.Nf3 d5 4.Nc3 Be7 5.Bg5 h6 6.Bh4 dxc4 $5 {[%c_effect c4;square;c4;type;Interesting;persistent;true] This same variation was played in the second game of the match.} 7.e3 c5 8.Bxc4 cxd4 9.exd4 {More ambitious than} ( 9.Nxd4 Bd7 {that usually leads to easy equality. Let's not forget Abasov needed to win in order to survive in the match.} ) 9...O-O 10.O-O Nc6 {Giri played this position in an important classical game in 2023.} 11.Re1 ( 11.Rc1 {was Abdusattorov's choice, but he got no advantage:} 11...b6 12.a3 Bb7 13.Bg3 Bd6 14.Ne5 Rc8 {Black was fine in Abdusattorov-Giri, Norway Chess 2023.} ) 11...Nh5 {A typical device in such positions, played in order to exchange bishops and simplify the position.} 12.Bxe7 Nxe7 13.Ne5 ( 13.d5 {is not enough to play for a win. This was played in the second game of the match and the position was equal after} 13...exd5 14.Nxd5 Nxd5 15.Bxd5 Nf4 16.Be4 Be6 ) 13...Nf6 14.a4 {This mysterious pawn move is a prepared opening novelty.} ( 14.Qd3 Bd7 {was played in Sarana-Lysyj, Titled Tuesday 2020.} ) ( {White can start the bold attacking plan immediately with} 14.h4 $5 {[%c_effect h4;square;h4;type;Interesting;persistent;true] as well.} ) 14...a6 {What's the meaning of the last two moves $2 It's not so easy to explain, although the computer likes both. White's a4 is useful to gain space with a4-a5 in some lines and maybe a rook lift with Ra3, heading to the kingside. Giri's move is also not easy to understand at first sight. One subtle point might be that now the a7-square is available for the rook in case Black plays ...b6 and White replies with Qf3.} ( 14...b6 15.Qf3 {with the pawn on a6 Black can play ...Ra7 here.} 15...Rb8 16.Qg3 ) ( 14...Nc6 15.Nxc6 bxc6 16.a5 {A plan like this might be an explanation for Abasov's a-pawn push.} ( 16.Ne4 {is probably more accurate.} ) ) ( 14...Bd7 15.Qb3 {Giri probably didn't like this position, although Black still has enough resources to equalize.} ) 15.h4 {Another surprising pawn push on the flank $1 Abasov's play has a very modern feel. The point of this move will soon become clear.} 15...Bd7 {Of course Black has other options.} ( 15...Nc6 $6 {[%c_effect c6;square;c6;type;Inaccuracy;persistent;true] is not the best:} 16.Nxc6 bxc6 17.Ne4 {with a slight advantage for White.} ) ( 15...b6 {is a critical option, justifying Black's previous move.} ) ( 15...Nf5 16.d5 Re8 $1 {[%c_effect e8;square;e8;type;GreatFind;persistent;true] This is computer play: strange but good.} ) 16.g4 $1 {[%c_effect g4;square;g4;type;GreatFind;persistent;true] That's it. A plan that is not very common in positions with an isolated queen pawn, since the attack is most often developed with pieces and not with pawns. Classical rules state that usually the center needs to be closed in order for a pawn storm to be successful. That's why I think Abasov's idea has a modern feel. Or maybe this is just the bravery of someone who desperately needs to win.} 16...Nc6 {A good move, although Black needs to follow with utmost precision. White also has a dangerous attack after other natural moves:} ( 16...Nfd5 17.g5 hxg5 18.hxg5 ) ( 16...Bc6 17.g5 hxg5 18.hxg5 ) 17.g5 hxg5 $2 {[%c_effect g5;square;g5;type;Mistake;persistent;true] This already leads to disaster. Black shouldn't exchange pawns.} ( 17...Nxe5 $1 18.dxe5 ( 18.Rxe5 Nh7 {with complicated play.} ) 18...Nh7 19.gxh6 {Now comes computer precision:} ( 19.Ne4 hxg5 20.hxg5 Bc6 $1 {[%c_effect c6;square;c6;type;GreatFind;persistent;true] and Black is fine.} ( 20...Nxg5 $2 21.Qh5 {gives White a strong attack.} ) ) 19...Qxh4 $1 ( 19...gxh6 20.Qh5 {is better for White.} ) 20.Re4 Qxh6 21.Qxd7 {It seems that Black is lost, but the counterplay is enough to save the game after} 21...Qg5+ 22.Kf1 Rfd8 23.Qxb7 Rab8 {For instance:} 24.Qa7 Qh5 25.Kg2 Qg5+ 26.Kf1 Qh5 {with a draw.} ) 18.hxg5 Nxe5 19.Rxe5 Nh7 20.Qh5 $1 {[%c_effect h5;square;h5;type;GreatFind;persistent;true] White has a decisive attack.} 20...Rc8 21.Bd3 $2 {[%c_effect d3;square;d3;type;Mistake;persistent;true] The wrong square, allowing Black to breathe.} ( 21.Ba2 {Black is paralyzed. White only needs to find a way to bring a rook to the h-file.} 21...Bc6 ( 21...f5 22.Rxe6 {wins.} ) 22.Rd1 {with the idea of Rd3-h3.} ) 21...f5 $1 {[%c_effect f5;square;f5;type;GreatFind;persistent;true] The worst is over for Giri.} 22.gxf6 ( 22.f4 Be8 $1 {[%c_effect e8;square;e8;type;GreatFind;persistent;true] The d-pawn falls.} ) ( 22.g6 Qg5+ {with a queen exchange.} ) 22...Nxf6 23.Qh4 Kf7 {A sensible move that will work well, but it's not the most accurate.} ( 23...Qb6 $1 {[%c_effect b6;square;b6;type;GreatFind;persistent;true] is better.} ) 24.Rae1 {24.Qg3 or 24. d5 (both moves transpose to the same variation) are very dangerous for Black.} ( 24.d5 $1 Rh8 ( 24...exd5 25.Nxd5 {with a strong attack. The point is:} 25...Nxd5 $2 26.Qh5+ ) 25.Qg3 Kg8 $1 ( 25...exd5 26.Rae1 {with a strong attack.} ) 26.dxe6 Bc6 27.Ne4 Nxe4 28.Bxe4 Bxe4 29.Rxe4 Rh5 {An unbelievable defense from the computer. I doubt any human would play this. Maybe Carlsen, but he doesn't count. If} 30.e7 Qd5 31.e8=Q+ Rxe8 32.Rxe8+ Kf7 {and Black escapes by a miracle.} ) ( 24.Qg3 $1 Rh8 25.d5 {transposes.} ) 24...Rh8 25.Qg5 ( 25.Qf4 Rh6 $1 {[%c_effect h6;square;h6;type;GreatFind;persistent;true] with the plan of bringing the queen to h8.} ) 25...Rh6 ( 25...Bc6 {is also possible:} 26.d5 Nxd5 27.Qg6+ Kf8 28.Nxd5 Bxd5 29.Rh5 Rxh5 30.Qxh5 {White's compensation is enough for equality, but not more.} ) 26.R1e3 $2 {[%c_effect e3;square;e3;type;Mistake;persistent;true] White is in trouble now. 26.Ne4 or 26.Be4 keeps the game equal.} ( 26.Ne4 ) ( 26.Be4 ) 26...Bc6 27.Kf1 ( 27.f3 Qh8 {with a strong attack.} ) 27...Nd5 $2 ( 27...Qxd4 $1 {[%c_effect d4;square;d4;type;GreatFind;persistent;true] wins the game:} 28.Rxe6 ( 28.Rg3 Ng4 $1 {[%c_effect g4;square;g4;type;GreatFind;persistent;true] The knight cannot be captured.} ) 28...Kg8 $1 {[%c_effect g8;square;g8;type;GreatFind;persistent;true] with a decisive attack, for instance:} 29.Re7 Ng4 $1 ) 28.Rg3 Qxg5 29.Rexg5 {The position is equal, but not drawn. White can still pose some problems.} 29...Rg8 ( 29...Rh1+ 30.Ke2 Rg8 {is possible.} ) 30.Bg6+ Kf6 ( 30...Ke7 {is probably a better square for the king.} ) 31.Be4 Ne7 ( 31...Nxc3 32.Bxc6 Ne2 $1 {[%c_effect e2;square;e2;type;GreatFind;persistent;true] This is an important intermediate move.} ( 32...bxc6 33.bxc3 {with lasting pressure for White in the endgame.} ) 33.Kxe2 bxc6 {The d-pawn can be attacked and Black has good drawing chances.} ) 32.Bxc6 Nxc6 33.Ne4+ Kf7 34.Rf3+ ( 34.R5g4 {is also interesting.} ) 34...Ke7 35.Rb3 b5 $1 {[%c_effect b5;square;b5;type;GreatFind;persistent;true] Giri defends very well.} 36.Rc3 $1 ( 36.axb5 Nxd4 ) 36...Rh4 $1 {[%c_effect h4;square;h4;type;GreatFind;persistent;true] Another forced move.} 37.axb5 axb5 38.f3 Nxd4 39.Rc7+ Kf8 $2 {[%c_effect f8;square;f8;type;Mistake;persistent;true] A blunder that immediately loses the game.} ( 39...Kd8 $1 {[%c_effect d8;square;d8;type;GreatFind;persistent;true] is correct. Black has a narrow escape after} 40.Rgc5 {Threatening mate in two.} 40...Re8 $1 {[%c_effect e8;square;e8;type;GreatFind;persistent;true] The only move.} 41.Nd6 Re7 ) 40.Nd6 $1 Rf4 {The only way to avoid mate.} 41.Rg4 $1 Rxf3+ ( 41...Rxg4 42.Rf7# ) 42.Kg2 {Black loses material: the knight is protecting the rook and the rook has to protect the f7-square.} 1-0

[Event "E World Cup 2023"]
[Site "Chess.com"]
[Date "2023.08.09"]
[Round "4"]
[White "Keymer, Vincent"]
[Black "Carlsen, Magnus"]
[Result "1-0"]
[WhiteElo "2701"]
[BlackElo "2835"]
[ECO "D35"]
[EventDate "2023.??.??"]
[Annotator "rafael"]
[PlyCount "115"]
[Beauty "6530095125000"]
[EventType "team-tourn"]
[EventCountry "FID"]
[TimeControl "40/5400+30:1800+30"]

1.d4 Nf6 2.c4 e6 3.Nc3 d5 4.cxd5 exd5 5.Bg5 Bb4 {Another recent opening trend, spicing the game a bit compared to the more solid 5...Be7.} 6.e3 h6 7.Bf4 {A rare move that has been played by Keymer before.} ( 7.Bh4 {is the most natural} ) ( 7.Bxf6 {has also been played many times.} ) 7...Bf5 8.Bd3 Bxd3 9.Qxd3 c6 {Carlsen improves Black's play compared to the earlier Keymer game.} ( 9...O-O 10.Ne2 c6 11.g4 $1 {[%c_effect g4;square;g4;type;GreatFind;persistent;true] Starting an attack on the kingside, exploiting the pawn on h6. White has the initiative. This was played in Keymer-Gukesh, Biel 2022.} ) 10.Ne2 Nh5 $1 ( 10...O-O {Transposes to Keymer's game against Gukesh.} ) 11.Be5 Nd7 12.h3 {Creating a retreat route for the bishop.} 12...Nhf6 ( 12...Nxe5 $2 {[%c_effect e5;square;e5;type;Mistake;persistent;true] is bad because the knight on h5 is in danger after} 13.dxe5 ) 13.Bh2 O-O {Carlsen's opening play was a success: the position is equal. Compared to normal Queen's Gambit Declined positions, the light-squared bishops have been exchanged and this clearly favors Black: the position is simplified and the c4-square is weakened after White's typical plan of advancing the pawn minority on the queenside.} 14.a3 Ba5 {It's hard to say where the bishop is better placed. Another option was to retreat it to e7.} ( 14...Be7 ) 15.O-O Re8 ( 15...Bc7 {can be played immediately in order to exchange bishops.} ) 16.Rac1 {It's not so clear that the rook is useful on c1. The more natural option is to start the advance of the pawns on the queenside immediately.} ( 16.b4 Bc7 17.Bxc7 Qxc7 18.b5 Nb6 $1 {[%c_effect b6;square;b6;type;GreatFind;persistent;true] Exploiting the weak c4-square.} ( 18...c5 {is less accurate:} 19.dxc5 Qxc5 20.Rfd1 Nb6 21.a4 {with some slight pressure for White.} ) 19.bxc6 bxc6 {with equal play.} ) 16...Qe7 ( 16...Bc7 {Again this natural move is playable. The position remains equal after} 17.Bxc7 Qxc7 18.b4 Qd6 ) 17.b4 Bd8 18.Ng3 {The knignt heads to f5.} ( 18.b5 {loses the a3-pawn:} 18...Qxa3 ) 18...Bc7 ( 18...g6 {is also very natural, protecting the f5-square.} ) 19.Nf5 Bxh2+ 20.Kxh2 Qe6 21.Ng3 Qd6 {We're not used to Carlsen losing a chess game, let alone in this kind of technical position where he has no problems.} 22.Kg1 a5 23.Qb1 ( 23.bxa5 {is a decent option, with equality after} 23...Rxa5 24.a4 ) 23...Nb6 {This looks very good, but Keymer finds a tactical way to simplify the position.} ( 23...b5 $1 {[%c_effect b5;square;b5;type;GreatFind;persistent;true] is an interesting way to set practical problems. The plan is clear: Nb6-c4. White must act quickly.} 24.bxa5 $5 Qxa3 ( 24...Rxa5 25.Qb4 Qxb4 26.axb4 Ra6 {The endgame remains equal, although I think it's easier to play with Black.} ) 25.Na2 b4 $5 ( 25...Rxa5 26.Nb4 Ra4 27.Nxc6 Rc4 {is also possible.} ) 26.Rxc6 Reb8 27.Nc1 Qxa5 {with a slightly more comfortable position for Black.} ) 24.bxa5 Nc4 25.Qb4 $1 ( 25.Qxb7 $4 {[%c_effect b7;square;b7;type;Blunder;persistent;true] The queen is trapped after} 25...Reb8 ) 25...Rxa5 ( 25...Qc7 {if Black avoids the queen exchange, then} 26.e4 $1 {[%c_effect e4;square;e4;type;GreatFind;persistent;true] gives White counterplay.} ) 26.Nxd5 $1 {[%c_effect d5;square;d5;type;GreatFind;persistent;true] A very important resource to avoid a worse position.} 26...Nxd5 ( 26...cxd5 $2 27.Rxc4 {is bad for Black.} ) ( 26...Qxb4 $2 27.Nxf6+ gxf6 28.axb4 {wins material.} ) 27.Qxc4 Rxa3 {Black has a passed b-pawn but White has a mobile center.} 28.Qc5 {A solid decision, forcing the queen exchange.} 28...Qxc5 29.Rxc5 Rea8 ( 29...g6 {is natural, restricting the knight's mobility.} ) 30.Nf5 h5 {Improving the pawn structure and getting ready to play ...g7-g6. Black has other options that don't change the evaluation.} ( 30...Kf8 ) ( 30...Rb3 ) ( 30...Ra2 ) 31.g4 hxg4 32.hxg4 Ra2 33.Rb1 Ra1 34.Rxa1 Rxa1+ 35.Kg2 Kf8 36.g5 {Both sides played natural moves and we arrive at the critical moment of the game.} 36...Nc7 $2 {[%c_effect c7;square;c7;type;Mistake;persistent;true] An unfortunate blunder by Carlsen. Black loses a pawn and the game. From now on he doesn't have a chance.} ( 36...g6 {is necessary. After} 37.Nd6 Rb1 {The game must likely would end in a draw.} ) 37.Nd6 $1 {[%c_effect d6;square;d6;type;GreatFind;persistent;true] Suddenly Black is lost. White threatens not only the b7-pawn but also 38.Rf5.} 37...g6 ( 37...Rb1 {offers no salvation after} 38.Rf5 f6 ( 38...Ke7 39.Nxf7 ) 39.gxf6 gxf6 40.Rxf6+ Ke7 41.Rh6 $1 ( 41.Ne4 {is less accurate due to} 41...c5 $1 42.dxc5 Rb4 43.Rf4 Ne6 {with some drawing chances.} ) ) 38.Nxb7 Rb1 {Keymer said he had many tempting options at this point and that it was difficult to judge which was the best. The way he played is quite good.} 39.Nd8 $1 Rb5 40.Rxb5 cxb5 41.Nc6 Ke8 ( 41...Nd5 42.Kf3 b4 43.Na5 Ke7 44.e4 {White has a monster center and the king is coming to the queenside.} ) 42.Nb4 {The knight is very well placed here, blockading the passed pawn. Black has no counterplay. There's an endgame rule that states that knight endgames are the closest to king and pawn endgames: usually a pawn advantage is enough to win. Another important detail is that there are pawns on both flanks and this helps White.} 42...Ke7 43.f4 $1 {[%c_effect f4;square;f4;type;GreatFind;persistent;true] White's pawn chain makes a good impression.} 43...Kd6 44.Kf3 Ne6 45.Ke2 Ng7 46.e4 Nh5 47.Kf3 Ng7 48.Nd3 Nh5 49.Ke3 Ng3 50.d5 {The pawns are ready to go forward.} 50...Kc7 51.Kd4 Kb6 52.Ne5 b4 53.Nxf7 b3 54.Ne5 Ne2+ 55.Ke3 Kb5 ( 55...b2 56.Nc4+ {picks up the b2-pawn.} ) 56.Nd3 Nc3 57.d6 Kc6 58.e5 {All of White's pawns are protected and he can calmly go after the b3-pawn if he wants.} 1-0